[Event "Team 45 45 League T55"]
[Site "Internet Chess Club"]
[Date "2012.11.29"]
[Round "3"]
[White "dabodhi"]
[Black "AtomicDog"]
[Result "1-0"]
[WhiteElo "1419"]
[BlackElo "1371"]
[Opening "Sicilian: Najdorf, Lipnitzky attack"]
[ECO "B86"]
[Time "15:00:44"]
[TimeControl "2700+45"]

1. e4 c5 2. Nf3 d6 3. d4 cxd4 4. Nxd4 Nf6 5. Nc3 a6 6. Bc4 e6 7. Bb3 Nbd7 8. f4
Nc5 9. f5 b5 10. fxe6 fxe6 11. Bg5 Nxb3 12. axb3 Be7 13. O-O O-O 14. Be3 Qc7 15.
Kh1 Bd7 16. Qd3 d5 17. Nce2 Nxe4 18. Nf4 Rf6 19. Nh5 Rg6 20. Bf4 e5 21. Nxb5
Bxb5 22. Qxd5+ Kh8 23. Qxa8+ Bd8 24. Qxe4 Bc6 25. Qf5 Bxg2+ 26. Kg1 Bf3+ 27. Bg3
Qc5+ 28. Rf2 Bb6 29. Rf1 Qb4 30. Qc8+ {Black resigns} 1-0

[Event "Team 45 45 League T55"]
[Site "Internet Chess Club"]
[Date "2012.12.02"]
[Round "3"]
[White "PawnPusher3"]
[Black "Constrictor"]
[Result "1-0"]
[WhiteElo "1764"]
[BlackElo "1691"]
[Opening "Caro-Kann: Steinitz variation"]
[ECO "B17"]
[Time "18:03:18"]
[TimeControl "2700+45"]

1. e4 c6 2. d4 d5 3. Nc3 dxe4 4. Nxe4 Nd7 5. Nf3 Ngf6 6. Nxf6+ Nxf6 7. c3 Bg4 8.
h3 Bh5 9. g4 Bg6 10. Ne5 Qd5 11. f3 e6 12. Bc4 Qd8 13. h4 h5 14. Nxg6 fxg6 15.
Bxe6 Qd6 16. Qe2 Qg3+ 17. Kd1 hxg4 18. fxg4 Kd8 19. Bg5 Bd6 20. Kc2 Bc7 21. Rag1
Qd6 22. Rf1 Rf8 23. Bxf6+ gxf6 24. h5 gxh5 25. gxh5 Qe7 26. h6 Re8 27. h7 Rh8
28. Rfg1 Bd6 29. Rg8+ Kc7 30. Rxa8 {Black resigns} 1-0

[Event "Team 45 45 League T55"]
[Site "Internet Chess Club"]
[Date "2012.12.02"]
[Round "3"]
[White "Portola"]
[Black "chrisgianno"]
[Result "1/2-1/2"]
[WhiteElo "1784"]
[BlackElo "1672"]
[Opening "Queen's pawn game, Krause variation"]
[ECO "D02"]
[Time "11:24:50"]
[TimeControl "2700+45"]

1. d4 d5 2. Nf3 c5 3. c3 Nc6 4. Bf4 Nf6 5. e3 Nh5 6. Bg5 h6 7. Bh4 g5 8. Bg3
Nxg3 9. hxg3 Bg7 10. Qc2 Be6 11. Nbd2 cxd4 12. exd4 Qd6 13. Bb5 Rc8 14. Qb1 O-O
15. Nxg5 f5 16. Nxe6 Qxe6+ 17. Kf1 f4 18. gxf4 Rxf4 19. Nf3 Rcf8 20. Bxc6 bxc6
21. Qc2 c5 22. Re1 Qa6+ 23. Qe2 Qxa2 24. Qxe7 cxd4 25. Qe6+ R4f7 26. cxd4 Qxb2
27. Qxd5 Kh8 28. Re2 Qa1+ 29. Re1 Qc3 30. Rh4 a5 31. Qe6 Rf6 32. Qa2 Rb6 33. Qe2
a4 34. Qe3 Qb2 35. Re2 a3 36. Rxb2 axb2 37. Nd2 b1=Q+ 38. Nxb1 Rxb1+ 39. Ke2
Rb2+ 40. Kf1 Rb1+ 41. Ke2 Rb2+ 42. Kf1 Rb1+ 43. Ke2 Rb2+ {Game drawn by
repetition} 1/2-1/2

[Event "Team 45 45 League T55"]
[Site "Internet Chess Club"]
[Date "2012.12.01"]
[Round "3"]
[White "nidusin2"]
[Black "g8wrb"]
[Result "1-0"]
[WhiteElo "1597"]
[BlackElo "1426"]
[Opening "French: Steinitz, Boleslavsky variation"]
[ECO "C11"]
[Time "07:02:23"]
[TimeControl "2700+45"]

1. e4 e6 2. d4 d5 3. Nc3 Nf6 4. e5 Nfd7 5. f4 c5 6. Nf3 Nc6 7. Be3 cxd4 8. Nxd4
a6 9. Qd2 Nxd4 10. Bxd4 b5 11. a3 Be7 12. Qe3 Bb7 13. Bd3 Rc8 14. O-O Nc5 15.
Qg3 O-O 16. f5 Bh4 17. Qg4 Qg5 18. Qh3 Nxd3 19. cxd3 exf5 20. g3 Rc6 21. Qxh4
Qxh4 22. gxh4 Rg6+ 23. Kf2 Rg4 24. Ne2 Rxh4 25. Kg3 Rg4+ 26. Kh3 Bc8 27. Rg1 h5
28. Rxg4 hxg4+ 29. Kg3 g5 30. h3 f4+ 31. Kh2 gxh3 32. Rg1 g4 33. Nxf4 Bf5 34.
Bc5 Re8 35. d4 Kh7 36. Nxd5 Kg6 37. Nf4+ Kh6 38. Ne2 Rg8 39. Ng3 Be6 40. Ne4 Bd5
41. Nf6 g3+ 42. Rxg3 Rxg3 43. Kxg3 Bg2 44. d5 Kg6 45. d6 h2 46. Kxh2 Bc6 47. d7
Bxd7 48. Nxd7 Kf5 49. Bd6 a5 50. b3 Ke6 51. Nc5+ Kf5 52. Nb7 f6 53. exf6 Kxf6
54. Nxa5 Ke6 55. Bb4 Kd5 56. Kg3 Kd4 57. Kf4 Kd5 58. Kf5 {Black resigns} 1-0

[Event "Team 45 45 League T55"]
[Site "Internet Chess Club"]
[Date "2012.12.02"]
[Round "3"]
[White "AtomicDog"]
[Black "monkeyshark"]
[Result "0-1"]
[WhiteElo "1365"]
[BlackElo "1545"]
[Opening "Ruy Lopez: Worrall attack, sharp line"]
[ECO "C77"]
[Time "12:00:31"]
[TimeControl "2700+45"]

1. e4 e5 2. Nf3 Nc6 3. Bb5 a6 4. Ba4 Nf6 5. Qe2 b5 6. Bb3 Be7 7. O-O O-O 8. c3
Bc5 9. d4 exd4 10. e5 Qe8 11. Qd3 Nxe5 12. Nxe5 Qxe5 13. f4 dxc3+ 14. Kh1 Qh5
15. Bd1 Qh4 16. Qxc3 Ne4 17. Qf3 Nf2+ {White resigns} 0-1

[Event "Team 45 45 League T55"]
[Site "Internet Chess Club"]
[Date "2012.12.02"]
[Round "3"]
[White "LazyPeon"]
[Black "otherook"]
[Result "1/2-1/2"]
[WhiteElo "1832"]
[BlackElo "1775"]
[Opening "Old Indian defense"]
[ECO "A42"]
[Time "16:01:36"]
[TimeControl "2700+45"]

1. d4 d6 2. c4 e5 3. dxe5 dxe5 4. Qxd8+ Kxd8 5. Nc3 Be6 6. b3 Nd7 7. Bb2 c6 8.
Nf3 f6 9. O-O-O Kc7 10. g3 Nh6 11. h4 Nf7 12. Bh3 Bxh3 13. Rxh3 h5 14. Rhh1 a5
15. Na4 Nc5 16. Nc3 Nd6 17. Nd2 Nf5 18. Nde4 Nxe4 19. Nxe4 Nd6 20. Nxd6 Bxd6 21.
e4 b5 22. cxb5 cxb5 23. Rd5 Kc6 24. Rhd1 Rhd8 25. a4 bxa4 26. bxa4 Bc7 27. Ba3
Rxd5 28. Rxd5 Rd8 29. Rxd8 Bxd8 30. Bf8 g5 31. f3 gxh4 32. gxh4 f5 33. exf5 Bxh4
34. Kd1 Bf6 35. Ke2 Kd5 36. Bh6 Kc4 37. Bd2 Bd8 38. f6 Bxf6 39. Bxa5 Kb3 40. Be1
Kxa4 41. Ke3 Kb3 42. Ke4 Kc4 43. f4 exf4 44. Kxf4 Kd3 45. Kf3 Bd8 46. Bg3 Be7
{Game drawn by mutual agreement} 1/2-1/2

[Event "Team 45 45 League T55"]
[Site "Internet Chess Club"]
[Date "2012.12.04"]
[Round "3"]
[White "crazyhorses"]
[Black "pauliewoll"]
[Result "1-0"]
[WhiteElo "1418"]
[BlackElo "1560"]
[Opening "Sicilian: dragon, classical, Amsterdam variation"]
[ECO "B72"]
[Time "13:30:25"]
[TimeControl "2700+45"]

1. e4 c5 2. Nf3 d6 3. d4 cxd4 4. Nxd4 Nf6 5. Nc3 g6 6. Be2 Bg7 7. Be3 Nc6 8. Qd2
Ng4 9. Bxg4 Bxg4 10. f3 Bd7 11. Nxc6 bxc6 12. O-O-O O-O 13. Bh6 Bxh6 14. Qxh6
Qb6 15. h4 Rab8 16. h5 Qxb2+ 17. Kd2 Rb4 18. hxg6 Rd4+ 19. Ke3 Qxc3+ 20. Kf2
Rd2+ 21. Rxd2 Qg7 22. gxh7+ Kh8 23. Qxg7+ Kxg7 24. h8=Q+ Rxh8 25. Rxh8 Kxh8 26.
Rd3 {Black resigns} 1-0

[Event "Team 45 45 League T55"]
[Site "Internet Chess Club"]
[Date "2012.12.02"]
[Round "3"]
[White "losscause"]
[Black "parrot9"]
[Result "0-1"]
[WhiteElo "1593"]
[BlackElo "1694"]
[Opening "QGD semi-Slav"]
[ECO "D43"]
[Time "13:00:51"]
[TimeControl "2700+45"]

1. d4 d5 2. c4 c6 3. Nf3 Nf6 4. Nc3 e6 5. Bg5 Be7 6. Qc2 Nbd7 7. h3 O-O 8. e4
dxe4 9. Ne5 Nxe5 10. dxe5 Nd7 11. Bxe7 Qxe7 12. Qxe4 Nc5 13. Qe3 b6 14. b4 Nd7
15. a3 Rd8 16. h4 c5 17. Qe4 cxb4 18. Bd3 f5 19. exf6 Nxf6 {White resigns} 0-1

[Event "Team 45 45 League T55"]
[Site "Internet Chess Club"]
[Date "2012.11.30"]
[Round "3"]
[White "ElmerHo"]
[Black "SirIvanhoe"]
[Result "1/2-1/2"]
[WhiteElo "1471"]
[BlackElo "1525"]
[Opening "Caro-Kann: advance variation"]
[ECO "B12"]
[Time "19:00:10"]
[TimeControl "2700+45"]

1. e4 c6 2. d4 d5 3. e5 c5 4. Nf3 Nc6 5. c4 cxd4 6. Nxd4 Nxe5 7. cxd5 Qxd5 8.
Nc3 Qd8 9. Bf4 Ng6 10. Be3 e6 11. Bb5+ Bd7 12. Bxd7+ Qxd7 13. O-O Nf6 14. Rc1
Be7 15. Ncb5 Nd5 16. Qb3 O-O 17. Rfd1 a6 18. Nc3 Nxe3 19. fxe3 Rab8 20. Nf3 Qe8
21. Ne4 b5 22. Nd6 Bxd6 23. Rxd6 Ra8 24. Rcc6 Qb8 25. Rxa6 Rxa6 26. Rxa6 Qb7 27.
Rd6 Rc8 28. Qd1 Qc7 29. Rd2 Qc5 30. Rd8+ Rxd8 31. Qxd8+ Nf8 32. Qd2 Qf5 33. a3
Qc5 34. Kf2 g6 35. h3 Kg7 36. Qd4+ Qxd4 37. Nxd4 b4 38. axb4 Nd7 39. Ke2 Kf6 40.
b5 Ke7 41. Kd2 Kd6 42. b4 Nb6 43. Kd3 Kc7 44. e4 Nc8 45. e5 Kb6 46. g4 Na7 47.
Kc4 g5 {Game drawn by mutual agreement} 1/2-1/2

[Event "Team 45 45 League T55"]
[Site "Internet Chess Club"]
[Date "2012.12.01"]
[Round "3"]
[White "chiiwen"]
[Black "stile"]
[Result "1-0"]
[WhiteElo "2156"]
[BlackElo "1746"]
[Opening "Scandinavian defense"]
[ECO "B01"]
[Time "21:09:34"]
[TimeControl "2700+45"]

1. e4 d5 2. exd5 Nf6 3. d4 Bg4 4. Be2 Bxe2 5. Nxe2 Qxd5 6. O-O Nc6 7. c3 O-O-O
8. Nf4 Qd6 9. Qb3 e5 10. dxe5 Nxe5 11. Na3 Qd7 12. Be3 Kb8 13. Rad1 Bd6 14. Nb5
a6 15. Nxd6 cxd6 16. Nd5 h6 17. h3 Qc6 18. Nb4 Qc4 19. Bd4 Qxb3 20. axb3 Kc7 21.
f4 Ned7 22. g4 Rhe8 23. Rfe1 Nc5 24. Bxf6 gxf6 25. Nd5+ Kc6 26. Nxf6 Re6 27.
Rxe6 Nxe6 28. Nd5 Rh8 29. b4 h5 30. g5 Ng7 31. Kf2 Re8 32. Ne3 h4 33. Kf3 Re6
34. Rd4 b5 35. Re4 Rxe4 36. Kxe4 Kd7 37. Nf5 d5+ 38. Ke5 {Black resigns} 1-0

[Event "Team 45 45 League T55"]
[Site "Internet Chess Club"]
[Date "2012.11.30"]
[Round "3"]
[White "pmcglothin"]
[Black "barbak"]
[Result "0-1"]
[WhiteElo "1804"]
[BlackElo "1957"]
[Opening "Sicilian: closed"]
[ECO "B24"]
[Time "13:30:22"]
[TimeControl "2700+45"]

1. e4 c5 2. Nc3 Nc6 3. g3 g6 4. Bg2 Bg7 5. Nge2 d6 6. O-O Nf6 7. d3 O-O 8. h3
Rb8 9. f4 Nd7 10. Nd5 e6 11. Ne3 Qc7 12. c3 b5 13. Kh2 b4 14. Re1 bxc3 15. bxc3
Ba6 16. Qc2 Nb4 17. cxb4 Bxa1 18. Ba3 Bg7 19. Rc1 Qb6 20. bxc5 Nxc5 21. Nc4 Bxc4
22. dxc4 Qa5 23. Bxc5 Qxc5 24. Qd3 Rb2 25. Rc2 Rfb8 26. Nc1 Rxc2 27. Qxc2 Rb2
{White resigns} 0-1

[Event "Team 45 45 League T55"]
[Site "Internet Chess Club"]
[Date "2012.12.02"]
[Round "3"]
[White "infiniteshug"]
[Black "Inquisiteur"]
[Result "1-0"]
[WhiteElo "1844"]
[BlackElo "1695"]
[Opening "Alekhine's defense: exchange variation"]
[ECO "B03"]
[Time "08:01:57"]
[TimeControl "2700+45"]

1. e4 Nf6 2. e5 Nd5 3. d4 d6 4. c4 Nb6 5. exd6 exd6 6. Nf3 Be7 7. Bd3 O-O 8. O-O
h6 9. Bf4 Bg4 10. Nbd2 Nc6 11. h3 Bxf3 12. Nxf3 Bf6 13. Bc2 Ne7 14. Qd3 Ng6 15.
Bg3 Qd7 16. h4 h5 17. Ng5 c5 18. Ne4 Bxd4 19. Bxd6 Rfe8 20. Qg3 Nxc4 21. Bxc5
Bxc5 22. Nxc5 Qg4 23. Qxg4 hxg4 24. Bxg6 fxg6 25. b3 Nd6 26. Rad1 Rad8 27. g3 b6
28. Nd3 Ne4 29. Nf4 Nd2 30. Nxg6 Nxf1 31. Rxd8 Rxd8 32. Kxf1 Rd5 33. Ne7+ {Black
resigns} 1-0

[Event "Team 45 45 League T55"]
[Site "Internet Chess Club"]
[Date "2012.11.30"]
[Round "3"]
[White "CuatroPrincesas"]
[Black "parpin"]
[Result "1/2-1/2"]
[WhiteElo "2152"]
[BlackElo "2052"]
[Opening "Caro-Kann: classical, Spassky variation"]
[ECO "B19"]
[Time "15:31:09"]
[TimeControl "2700+45"]

1. e4 c6 2. d4 d5 3. Nc3 dxe4 4. Nxe4 Bf5 5. Ng3 Bg6 6. h4 h6 7. Nf3 Nd7 8. h5
Bh7 9. Bd3 Bxd3 10. Qxd3 Ngf6 11. Bf4 Qa5+ 12. Bd2 Qc7 13. O-O-O e6 14. Ne4 Nxe4
15. Qxe4 Nf6 16. Qe2 Bd6 17. Ne5 O-O-O 18. f4 c5 19. dxc5 Bxc5 20. Kb1 Kb8 21.
c4 Bd4 22. Bc1 Rhf8 23. b3 Qa5 24. Rh3 Bxe5 25. Rxd8+ Rxd8 26. fxe5 Ne8 27. Rd3
Kc8 28. Bd2 Qc5 29. Rxd8+ Kxd8 30. Qe3 Qxe3 31. Bxe3 a6 32. Kc2 f6 33. Bd4 Ke7
34. Kd3 fxe5 35. Bxe5 Nf6 36. Bxf6+ gxf6 37. Ke4 Kd6 38. b4 a5 39. a3 Kc6 {Game
drawn by mutual agreement} 1/2-1/2

[Event "Team 45 45 League T55"]
[Site "Internet Chess Club"]
[Date "2012.12.01"]
[Round "3"]
[White "DaPaz"]
[Black "TooStrongForYou"]
[Result "0-1"]
[WhiteElo "1954"]
[BlackElo "2027"]
[Opening "Torre attack (Tartakower variation)"]
[ECO "D03"]
[Time "22:00:55"]
[TimeControl "2700+45"]

1. Nf3 d5 2. d4 Nf6 3. Bg5 Ne4 4. Bh4 g6 5. Nbd2 Bg7 6. e3 c5 7. c3 Nxd2 8. Qxd2
cxd4 9. exd4 O-O 10. Bd3 Nc6 11. O-O Bg4 12. Qf4 Qd7 13. Bb5 f6 14. Bxc6 bxc6
15. Bg3 Rae8 16. h3 Bh5 17. Qe3 e5 18. dxe5 Bxf3 19. Qxf3 fxe5 20. Qg4 Qxg4 21.
hxg4 e4 22. Rad1 Rf7 23. Rfe1 Rb7 24. Re2 Kf7 25. Bd6 a5 26. Bc5 Reb8 27. Rdd2
Bh6 28. Rc2 Rb5 29. b4 axb4 30. cxb4 Ra8 31. f3 Bf8 32. fxe4 Bxc5+ 33. bxc5 d4
34. Red2 Ra4 35. Kf2 Kf6 36. Kf3 Ke5 37. Rd3 Rba5 38. g5 Rxa2 39. Rc4 R5a4 40.
Rdxd4 R4a3+ 41. Kg4 Rxg2+ 42. Kh4 Rgg3 43. Rc3 Raxc3 44. Rd3 Rgxd3 45. Kg4 Rg3+
{White forfeits on time} 0-1

[Event "Team 45 45 League T55"]
[Site "Internet Chess Club"]
[Date "2012.11.30"]
[Round "3"]
[White "gaibo4ever"]
[Black "UsuallySleepy"]
[Result "0-1"]
[WhiteElo "2003"]
[BlackElo "1960"]
[Opening "French: advance variation"]
[ECO "C02"]
[Time "20:04:31"]
[TimeControl "2700+45"]

1. e4 e6 2. d4 d5 3. e5 c5 4. c3 Qb6 5. Nf3 Nc6 6. a3 Nge7 7. b4 cxd4 8. cxd4
Nf5 9. Bb2 Bd7 10. g4 Nfe7 11. Nc3 Na5 12. Qc2 Nc4 13. Bxc4 dxc4 14. Ne4 Nd5 15.
Qxc4 Rc8 16. Qb3 Be7 17. O-O O-O 18. Nc5 Bc6 19. Nd2 Qd8 20. b5 b6 21. Nxe6 fxe6
22. bxc6 Rxc6 23. Ne4 Nf4 24. Rfe1 Bh4 25. Rad1 Qd5 26. Qe3 Rc2 27. Rd2 Rxd2 28.
Qxd2 Nh3+ 29. Kf1 Ng5 30. Ng3 Bxg3 31. hxg3 Nf3 32. Qd3 Nxe1 33. Kxe1 Qf3 34.
Qe2 Qb3 35. Bc1 Rc8 36. Qd2 Rc2 37. Qg5 Qc3+ 38. Bd2 Qc7 39. Qe3 Ra2 40. Qb3
Ra1+ 41. Ke2 Qc6 42. Qd3 Ra2 43. f3 Qc2 44. Qxc2 Rxc2 45. Kd3 Ra2 46. Bc1 Rg2
47. Bf4 Kf7 48. Ke4 Re2+ 49. Kd3 Rg2 50. Ke4 Ra2 51. Bc1 Rc2 52. Be3 Rc3 53. f4
g6 54. a4 Ra3 55. Bf2 Rxa4 56. f5 gxf5+ 57. gxf5 Rc4 58. Be3 a5 59. Kd3 b5 60.
d5 exd5 61. e6+ Kf6 62. Bb6 a4 63. Bd8+ Kxf5 64. e7 Re4 {White resigns} 0-1

[Event "Team 45 45 League T55"]
[Site "Internet Chess Club"]
[Date "2012.12.03"]
[Round "3"]
[White "alexdb"]
[Black "lasker25"]
[Result "1/2-1/2"]
[WhiteElo "1868"]
[BlackElo "1920"]
[Opening "Scandinavian defense"]
[ECO "B01"]
[Time "18:12:51"]
[TimeControl "2700+45"]

1. e4 d5 2. exd5 Nf6 3. d4 Bg4 4. Bb5+ Nbd7 5. Be2 Bxe2 6. Qxe2 Nxd5 7. c4 N5f6
8. Nf3 e6 9. O-O Be7 10. Nc3 O-O 11. Rd1 c6 12. h3 Re8 13. Bf4 Qa5 14. Ne5 h6
15. a3 Nxe5 16. dxe5 Nh7 17. b4 Qc7 18. Ne4 b6 19. Nd6 Bxd6 20. exd6 Qd7 21. c5
Nf6 22. Qf3 Nd5 23. Bg3 Reb8 24. Rac1 b5 25. Rd4 a5 26. Rg4 Kh8 27. Rd1 axb4 28.
axb4 Rf8 29. Be5 f6 {Game drawn by mutual agreement} 1/2-1/2

[Event "Team 45 45 League T55"]
[Site "Internet Chess Club"]
[Date "2012.12.02"]
[Round "3"]
[White "JWB"]
[Black "FlyingTiger"]
[Result "1/2-1/2"]
[WhiteElo "1663"]
[BlackElo "1708"]
[Opening "Neo-Grünfeld defense"]
[ECO "D70"]
[Time "11:01:17"]
[TimeControl "2700+45"]

1. d4 Nf6 2. Nf3 g6 3. c4 d5 4. cxd5 Nxd5 5. e4 Nf6 6. Nc3 Bg7 7. Bc4 c6 8. O-O
O-O 9. Qb3 h6 10. h3 Nbd7 11. Rd1 Nb6 12. Bxf7+ Rxf7 13. Ne5 e6 14. Nxf7 Kxf7
15. Bf4 Kg8 16. Rac1 Kh7 17. a4 a5 18. Be3 Nbd7 19. d5 exd5 20. exd5 cxd5 21.
Nxd5 Nxd5 22. Qxd5 Bxb2 23. Qf7+ Bg7 24. Bd4 Qf8 25. Qxg7+ Qxg7 26. Bxg7 Kxg7
27. Rc7 Rb8 28. Rxc8 Rxc8 29. Rxd7+ Kf6 30. Rxb7 Rc1+ 31. Kh2 Rc4 32. Rb6+ Kf7
33. Rb7+ Kf6 34. Rb6+ Kf7 35. Rb7+ Kf6 36. Rb6+ {Game drawn by repetition}
1/2-1/2

[Event "Team 45 45 League T55"]
[Site "Internet Chess Club"]
[Date "2012.12.02"]
[Round "3"]
[White "milesotoole"]
[Black "ticopatzer"]
[Result "1/2-1/2"]
[WhiteElo "1578"]
[BlackElo "1638"]
[Opening "Scotch: Mieses variation"]
[ECO "C45"]
[Time "20:07:04"]
[TimeControl "2700+45"]

1. e4 e5 2. Nf3 Nc6 3. d4 exd4 4. Nxd4 Nf6 5. Nxc6 bxc6 6. e5 Qe7 7. Qe2 Nd5 8.
c4 Nb6 9. b3 g6 10. g3 Bg7 11. f4 O-O 12. Bg2 Re8 13. O-O Bb7 14. Nc3 a5 15. Bb2
a4 16. Ne4 d5 17. exd6 cxd6 18. Bxg7 Kxg7 19. Qb2+ f6 20. Qa3 axb3 21. Qxb3 d5
22. Qxb6 dxe4 23. Bxe4 Qxe4 24. Qxb7+ Kg8 25. Qb3 Qd4+ 26. Kh1 Rab8 27. Qf3 Qxc4
28. f5 g5 29. Rfc1 Qe2 30. Qxc6 Rb2 31. Qc4+ Kg7 32. Qxe2 Rexe2 33. h4 Rh2+ 34.
Kg1 Rbg2+ 35. Kf1 Rxg3 36. hxg5 fxg5 37. a4 Rf3+ 38. Kg1 Rff2 39. a5 Rfg2+ 40.
Kf1 Rc2 41. Rxc2 Rxc2 42. a6 Rc8 43. a7 Ra8 44. Ra6 h5 45. Kg2 Kf7 46. Kg3 Kg7
47. Kh3 Kf7 48. Kg2 Kg7 49. Kg3 Kf7 50. Kf3 Kg7 51. Ra5 Kf6 52. Kg3 Kg7 53. Ra6
Kf7 54. Kh3 Kg7 55. Kg3 Kf7 56. Kh2 Kg7 57. Ra5 Kf6 58. Kh3 Kg7 59. Kg3 Kf6 60.
Kf3 Kf7 61. Ke4 {Game drawn by mutual agreement} 1/2-1/2

[Event "Team 45 45 League T55"]
[Site "Internet Chess Club"]
[Date "2012.12.01"]
[Round "3"]
[White "Berke"]
[Black "rayngrant"]
[Result "0-1"]
[WhiteElo "1593"]
[BlackElo "1575"]
[Opening "Scotch gambit"]
[ECO "C44"]
[Time "07:02:07"]
[TimeControl "2700+45"]

1. e4 e5 2. Nf3 Nc6 3. d4 exd4 4. Bc4 Bb4+ 5. c3 dxc3 6. bxc3 Ba5 7. Qb3 Qe7 8.
O-O Nf6 9. e5 Ng4 10. Bg5 Qf8 11. h3 Ngxe5 12. Nxe5 Nxe5 13. Re1 f6 14. Bc1 Qe7
15. Bd2 Kd8 16. Bd5 Bb6 17. Na3 c6 18. Bc4 Qc5 19. Be3 Qa5 20. Bxb6+ axb6 21.
Nc2 Nxc4 22. Qxc4 d5 23. Qe2 Qc5 24. a3 Kc7 25. Qe7+ Bd7 26. Nd4 Qxe7 27. Rxe7
Kd6 28. Rxg7 Rag8 29. Rxg8 Rxg8 30. Kh2 c5 31. Nf3 Re8 32. Rb1 Kc6 33. Rb2 Re4
34. Kg3 Ra4 35. Ra2 Bf5 36. Nd2 b5 37. f3 h5 38. Kf2 b4 39. cxb4 cxb4 40. Nb3
Rxa3 41. Nd4+ Kc5 42. Rd2 Bd7 43. Nc2 Ra2 44. Ke3 b3 45. Ne1 Rxd2 46. Kxd2 Kb4
47. Nd3+ Kc4 48. Nb2+ Kd4 49. g4 hxg4 50. hxg4 b5 51. Nd3 Kc4 52. Nb2+ Kb4 53.
Nd3+ Ka3 54. Kc3 {White resigns} 0-1

[Event "Team 45 45 League T55"]
[Site "Internet Chess Club"]
[Date "2012.12.01"]
[Round "3"]
[White "Helaman"]
[Black "xt"]
[Result "1/2-1/2"]
[WhiteElo "1764"]
[BlackElo "1650"]
[Opening "Sicilian: Canal-Sokolsky attack, 3...Bd7"]
[ECO "B52"]
[Time "20:08:03"]
[TimeControl "2700+45"]

1. e4 c5 2. Nf3 d6 3. Bb5+ Bd7 4. Bxd7+ Nxd7 5. O-O Ngf6 6. Qe2 e6 7. b3 Be7 8.
Bb2 a6 9. c4 O-O 10. d4 Qc7 11. Nc3 Rfe8 12. Rad1 h6 13. d5 exd5 14. exd5 Nh7
15. Qd2 Ng5 16. Nxg5 Bxg5 17. f4 Bf6 18. Ne2 Bxb2 19. Qxb2 Re3 20. Rfe1 Rae8 21.
Qd2 Nf6 22. Nc3 Qe7 23. Rxe3 Qxe3+ 24. Qxe3 Rxe3 25. Rc1 Kf8 26. Rc2 Ng4 27. Rc1
Nf6 28. Kf1 Ke7 29. h3 Nh5 30. Kf2 Rd3 31. Ke2 Nxf4+ 32. Kf2 g5 33. Re1+ Kd7 34.
Ne4 Kc7 35. Nf6 Rd2+ 36. Kf1 Rxa2 37. Re7+ Kb8 38. Ne8 Rxg2 39. Nxd6 Rg3 40.
Rxb7+ Ka8 41. Rxf7 Rxh3 42. Rf8+ Ka7 43. Rf7+ Kb8 44. Rb7+ Ka8 45. Ke1 g4 46.
Rg7 g3 47. Ne8 Rh1+ 48. Kd2 g2 49. d6 g1=Q 50. Rxg1 Rxg1 51. d7 Ne6 52. Nc7+
{Game drawn by mutual agreement} 1/2-1/2

[Event "Team 45 45 League T55"]
[Site "Internet Chess Club"]
[Date "2012.11.28"]
[Round "3"]
[White "latayvia"]
[Black "badmove"]
[Result "1-0"]
[WhiteElo "1725"]
[BlackElo "1747"]
[Opening "Queen's pawn: Yusupov-Rubinstein system"]
[ECO "A46"]
[Time "17:01:30"]
[TimeControl "2700+45"]

1. d4 Nf6 2. Nf3 e6 3. e3 b6 4. a3 Bb7 5. c4 d5 6. Nc3 c6 7. Bd3 Be7 8. O-O O-O
9. Ne5 Nbd7 10. f4 dxc4 11. Bxc4 c5 12. f5 exf5 13. Qb3 Nxe5 14. dxe5 Ne4 15.
Rxf5 Nxc3 16. bxc3 Be4 17. Rxf7 Rxf7 18. Bxf7+ Kh8 19. c4 Bh4 20. Bd5 Qf8 21.
Qa2 Bd3 22. Bf3 Qf7 23. Qd2 Rd8 24. Bb2 Bxc4 25. Qc3 Rd3 26. e6 Qe7 27. Qxc4
Rxe3 28. Bd5 Re1+ 29. Rxe1 Bxe1 30. Qf4 Bh4 31. Qf7 h6 32. Bxg7+ {Black resigns}
1-0

[Event "Team 45 45 League T55"]
[Site "Internet Chess Club"]
[Date "2012.11.30"]
[Round "3"]
[White "PaulRichard"]
[Black "gandre"]
[Result "0-1"]
[WhiteElo "1508"]
[BlackElo "1764"]
[Opening "Caro-Kann: Steinitz variation"]
[ECO "B17"]
[Time "17:00:45"]
[TimeControl "2700+45"]

1. e4 c6 2. d4 d5 3. Nc3 dxe4 4. Nxe4 Nd7 5. Nf3 Ngf6 6. Ng3 e6 7. Bd3 Be7 8.
O-O O-O 9. b3 c5 10. Bb2 b6 11. Qe2 Bb7 12. Rad1 cxd4 13. Bxd4 Qc7 14. c4 Bc5
15. Bc3 a5 16. a4 Qc6 17. Rfe1 Rad8 18. Ne4 Nxe4 19. Bxe4 Qc7 20. Ng5 h6 21.
Bxb7 Qxb7 22. Ne4 Be7 23. Qg4 e5 24. Rd5 f5 25. Qg6 fxe4 26. Bxe5 Nxe5 27. Rxe5
Bb4 28. Qe6+ Qf7 29. Rb1 Qxe6 30. Rxe6 Bc5 31. Rxe4 Rxf2 32. Kh1 Rdd2 33. Rg1
Rb2 34. h3 Rxb3 35. Rd1 Re3 36. Rxe3 Bxe3 37. Re1 Bc5 38. Rd1 Ra2 39. Rd8+ Kh7
{White resigns} 0-1

[Event "Team 45 45 League T55"]
[Site "Internet Chess Club"]
[Date "2012.11.30"]
[Round "3"]
[White "Megasus"]
[Black "seattleblues"]
[Result "1-0"]
[WhiteElo "1599"]
[BlackElo "1423"]
[Opening "English opening"]
[ECO "A05"]
[Time "05:00:23"]
[TimeControl "2700+45"]

1. Nf3 Nf6 2. c4 g6 3. Nc3 Bg7 4. h3 O-O 5. e4 d6 6. d4 e5 7. d5 Nh5 8. Ne2 f5
9. Nc3 Nf6 10. Bd3 a5 11. Qc2 f4 12. a3 Na6 13. Qb1 Nc5 14. Bc2 Kh8 15. b3 Bd7
16. Nb5 c6 17. Nc3 Qe7 18. Bd2 Ra7 19. b4 axb4 20. axb4 Na6 21. b5 cxd5 22. cxd5
Rfa8 23. bxa6 bxa6 24. Qb6 Be8 25. Bd3 Rb7 26. Qa5 Rba7 27. Ke2 Nd7 28. Rhb1 Nc5
29. Qa2 Nxd3 30. Kxd3 Bb5+ 31. Nxb5 axb5 32. Qb2 Rxa1 33. Rxa1 Rxa1 34. Qxa1 h6
35. Qa8+ Kh7 36. Qc6 Qa7 37. Be1 Qe3+ 38. fxe3 {Black resigns} 1-0

[Event "Team 45 45 League T55"]
[Site "Internet Chess Club"]
[Date "2012.12.01"]
[Round "3"]
[White "Matusalen"]
[Black "MemphisChess"]
[Result "1-0"]
[WhiteElo "2175"]
[BlackElo "1989"]
[Opening "Réti opening"]
[ECO "A30"]
[Time "22:01:54"]
[TimeControl "2700+45"]

1. Nf3 c5 2. c4 Nc6 3. Nc3 g6 4. e3 Bg7 5. d4 d6 6. Be2 Nf6 7. d5 Na5 8. e4 O-O
9. h3 e6 10. O-O exd5 11. exd5 Re8 12. Bd3 Bd7 13. Bf4 Qc7 14. Qd2 a6 15. Rac1
Rab8 16. Rfe1 Rxe1+ 17. Qxe1 b5 18. Qe7 Nb7 19. Ng5 Rf8 20. cxb5 Nh5 21. Bh2 Bf6
22. Qe3 axb5 23. Nxb5 Bxb5 24. Bxb5 Bxb2 25. Re1 Bd4 26. Qe7 Qa5 27. Qe2 Qc7 28.
Nf3 Bf6 29. Nd2 Ng7 30. g4 Bc3 31. Rc1 Qa5 32. Ne4 Bd4 33. Nxd6 Nxd6 34. Bxd6
Qa3 35. Rd1 Qxh3 36. Rd3 Qh4 37. Bxf8 Kxf8 38. Qf3 h5 39. Qg3 Qd8 40. d6 hxg4
41. d7 Ne6 42. Qxg4 Qa5 43. Qe2 Qxb5 44. Qxe6 Qb1+ 45. Kg2 fxe6 46. d8=Q+ Kg7
47. Qe7+ Kg8 48. Qxe6+ Kg7 49. Rf3 Qb7 50. a4 Qa7 51. a5 g5 52. a6 Qa8 53. Qf7+
Kh6 54. Qb7 {Black resigns} 1-0

[Event "Team 45 45 League T55"]
[Site "Internet Chess Club"]
[Date "2012.12.01"]
[Round "3"]
[White "Chess-Dream"]
[Black "przechrzczony"]
[Result "1-0"]
[WhiteElo "2111"]
[BlackElo "2048"]
[Opening "Queen's pawn game, Chigorin variation"]
[ECO "A04"]
[Time "21:02:43"]
[TimeControl "2700+45"]

1. Nf3 Nc6 2. d4 d5 3. c4 Bg4 4. cxd5 Bxf3 5. gxf3 Qxd5 6. e3 e5 7. Nc3 Bb4 8.
Bd2 Bxc3 9. bxc3 Qd6 10. Bd3 Nf6 11. Rb1 b6 12. O-O O-O 13. Qc2 Rad8 14. Rfd1
Rfe8 15. Bf5 Ne7 16. Bh3 c5 17. dxe5 Qxe5 18. c4 Qg5+ 19. Bg2 Ng6 20. f4 Qh5 21.
Bc3 Nh4 22. h3 Nd7 23. Rd5 f5 24. Qd1 Qg6 25. Qf1 Nf6 26. Bxf6 gxf6 27. Rbd1
Rxd5 28. Rxd5 Re4 29. Kh2 Rxc4 30. Bh1 Rc2 31. Rd8+ Kg7 32. Rd7+ Kh6 33. Rxa7 b5
34. Bd5 Rd2 35. Bc6 c4 36. Rd7 Rxa2 37. Bd5 Rd2 38. Bf7 Rxd7 39. Bxg6 hxg6 40.
Kg3 g5 41. Qb1 c3 42. Qxb5 c2 43. Qc6 Rd2 44. Qxf6+ Ng6 45. fxg5+ Kh5 46. Qg7
f4+ 47. exf4 Rd3+ 48. f3 Rxf3+ 49. Kxf3 Nh4+ 50. Ke4 c1=Q 51. Qh6# {Black
checkmated} 1-0